 Dungeon Crawl Stone Soup version 0.31-a0-263-ge8cad7f256 (webtiles) character file.

Game seed: 17471607795981287375

218 qw the Shooter (level 5, 0/45 HPs)
             Began as a Minotaur Hexslinger on July 13, 2023.
             Was an Initiate of Okawaru.
             Slain by an ogre
             ... wielding a +0 giant club
              (14 damage)
             ... on level 5 of the Dungeon.
             The game lasted 00:01:00 (2378 turns).

qw the Shooter (Minotaur Hexslinger)                Turns: 2378, Time: 00:01:01

Health: 0/45       AC:  5    Str: 12    XL:     5   Next: 63%
Magic:  5/5        EV: 11    Int: 10    God:    Okawaru [......]
Gold:   98         SH:  0    Dex: 15    Spells: 5/6 levels left

rFire   . . .        Y - +2 sling
rCold   . . .        (no shield)
rNeg    . . .        d - +0 ring mail
rPois   .            (helmet restricted)
rElec   .            (no cloak)
rCorr   .            (no gloves)
SInv    .            (no boots)
Will    .....        (no amulet)
Stlth   +            (no ring)
HPRegen 0.27/turn    (no ring)
MPRegen 0.09/turn

%: no passive effects
@: no status effects
A: horns 2, retaliatory headbutt
a: Renounce Religion


You were on level 5 of the Dungeon.
You worshipped Okawaru.
Okawaru was noncommittal.
You visited 2 branches of the dungeon, and saw 6 of its levels.

You collected 98 gold pieces.


Innate Abilities, Weirdness & Mutations

You have a pair of horns on your head.
You reflexively headbutt those who attack you in melee.


   Skills:
 - Level 3.0 Fighting
 + Level 5.9 Ranged Weapons
 - Level 1.0 Armour
 - Level 2.1 Dodging
 - Level 1.0 Spellcasting
 - Level 2.0 Hexes


You had 5 spell levels left.
You knew the following spells:

 Your Spells              Type           Power      Damage    Failure   Level
a - Slow                  Hex            16%        N/A       34%         1

Your spell library contained the following spells:

 Spells                   Type           Power      Damage    Failure   Level
 Inner Flame              Hex/Fire       2%         N/A       83%         3
 Portal Projectile        Hex/Tloc       4%         N/A       83%         3
 Cause Fear               Hex            2%         N/A       98%         4

Inventory:

Hand Weapons
 Y - a +2 sling (weapon)
Armour
 d - a +0 ring mail (worn)
Scrolls
 a - a scroll of identify
Potions
 b - a potion of heal wounds {unknown}
 c - a potion of haste
 e - a potion of lignification {unknown}
 f - a potion of might {unknown}
 h - a potion of invisibility {unknown}
 k - a potion of magic {unknown}

Dungeon Overview and Level Annotations

Branches:
Dungeon (6/15)             Temple (1/1) D:6

Altars:
Ashenzari
Dithmenos
Gozag
Hepliaklqana
Kikubaaqudgha
Nemelex Xobeh
Okawaru
Ru
Uskayaw
Vehumet
Wu Jian
Xom
Zin
The Shining One

Shops:
D:2 [


Message History

You now have 98 gold pieces (gained 10).
As you open the door, it creaks loudly!
A white imp comes into view.
The white imp shouts!
You hear a shout!
You shoot a sling bullet. The sling bullet hits the white imp.
The white imp is moderately wounded.
You shoot a sling bullet.
The sling bullet hits the white imp but does no damage.
The white imp is moderately wounded.
The white imp gestures at you. The puff of frost hits you.
The white imp hits you but does no damage.
An ogre comes into view. It is wielding a +0 giant club.
You shoot a sling bullet.
The sling bullet barely misses the white imp.
The white imp shouts, "Taste defeat, thou craven roguish fleecer!"
The white imp barely misses you. You furiously retaliate!
You headbutt the white imp. You shoot a sling bullet.
The sling bullet barely misses the white imp.
The white imp closely misses you.
You shoot a sling bullet. The sling bullet hits the white imp.
You kill the white imp!
Okawaru accepts your kill.
The ogre hits you with a +0 giant club!!
You shoot a sling bullet.
The sling bullet barely misses the ogre.
You shoot a sling bullet.
The sling bullet barely misses the ogre.
The ogre closely misses you.
You shoot a sling bullet. The sling bullet hits the ogre.
The ogre is lightly wounded.
The ogre hits you with a +0 giant club!
You shoot a sling bullet. The sling bullet hits the ogre.
The ogre is lightly wounded.
The ogre closely misses you. You furiously retaliate!
You headbutt the ogre. You shoot a sling bullet.
The sling bullet hits the ogre!
The ogre is heavily wounded.
The ogre hits you with a +0 giant club!
You die...

... #.. #... ####
#... ####...###
#....#.........
+....#.........
#....O.........
#@........
#.........
#.........
#......... #+
##..##.### #+#
#...##..##.####...
#.................
#.................
#........%........


You could see an ogre.

Vanquished Creatures
  2 orc priests (D:6)
  An orc wizard (D:6)
  4 adders
  2 white imps
  A worm (D:3)
  3 dart slugs
  3 orcs
  5 ball pythons
  7 endoplasms
  5 giant cockroaches
  6 goblins
  5 hobgoblins
  7 jackals (D:1)
  4 quokkas
  7 bats
  2 frilled lizards (D:1)
  3 kobolds (D:2)
  3 rats
70 creatures vanquished.

Notes
Turn   | Place    | Note
-------+----------+-------------------------------------------
     0 | D:1      | qw the Minotaur Hexslinger began the quest for the Orb.
     0 | D:1      | Reached XP level 1. HP: 16/16 MP: 1/1
     0 | D:1      | 0 ||| qw: Version: 0.3-a-52-g30416fa
     0 | D:1      | 0 ||| qw: Game counter: 7511
     0 | D:1      | 0 ||| qw: Melee chars always use a shield: true
     0 | D:1      | 0 ||| qw: God list: Okawaru
     0 | D:1      | 0 ||| qw: Allow faded altars: false
     0 | D:1      | 0 ||| qw: Do Orc after clearing Dungeon:15 true
     0 | D:1      | 0 ||| qw: Do second Lair branch before Depths: true
     0 | D:1      | 0 ||| qw: Lair rune preference: random
     0 | D:1      | 0 ||| qw: Goals: Normal
     0 | D:1      | 0 ||| PLANNING D:1-11
    60 | D:1      | Reached skill level 3 in Ranged Weapons
    60 | D:1      | Reached XP level 2. HP: 15/23 MP: 2/2
   290 | D:1      | Reached XP level 3. HP: 17/29 MP: 3/3
   592 | D:1      | 592 ||| FLEEEEING.
   593 | D:1      | 593 ||| FLEEEEING.
   594 | D:1      | 594 ||| FLEEEEING.
   595 | D:1      | 595 ||| FLEEEEING.
   596 | D:1      | 596 ||| FLEEEEING.
   855 | D:1      | 855 ||| UPGRADING to +0 leather armour.
   865 | D:1      | 865 ||| DROPPING +0 robe.
   866 | D:1      | 866 ||| READING 3 scrolls labelled RIERI SUILOIH.
   867 | D:1      | 867 ||| READING scroll labelled HACUEV HEYMMY.
   868 | D:1      | 868 ||| READING scroll labelled MARCHO MAABAURR.
   869 | D:1      | 869 ||| DRINKING 4 golden potions.
   874 | D:1      | 874 ||| READING 2 scrolls of identify.
   874 | D:1      | 874 ||| IDENTIFYING lumpy cyan potion
   875 | D:1      | 875 ||| DROPPING scroll of poison.
   876 | D:1      | 876 ||| DROPPING potion of degeneration.
   877 | D:1      | 877 ||| DROPPING 3 potions of ambrosia.
   930 | D:2      | 930 ||| STAIRDANCE
  1066 | D:2      | Reached skill level 4 in Ranged Weapons
  1338 | D:2      | Found Ziribbec's Antique Armour Shop.
  1344 | D:2      | 1344 ||| SHOPLISTING pair of glowing boots (195 gold, have
                  | 9).
  1344 | D:2      | 1344 ||| SHOPLISTING pair of runed gloves (195 gold, have
                  | 9).
  1344 | D:2      | 1344 ||| SHOPLISTING warped leather armour (182 gold, have
                  | 9).
  1351 | D:2      | Reached XP level 4. HP: 36/36 MP: 4/4
  1678 | D:2      | Reached skill level 5 in Ranged Weapons
  1907 | D:2      | 1907 ||| UPGRADING to +0 ring mail.
  1917 | D:2      | 1917 ||| DROPPING +0 leather armour.
  1918 | D:2      | 1918 ||| READING scroll labelled YTAKOG QAF.
  1919 | D:2      | 1919 ||| READING scroll labelled HUTHODGHAGUP.
  1920 | D:2      | 1920 ||| DRINKING 2 sedimented golden potions.
  2022 | D:3      | Reached skill level 1 in Armour
  2035 | D:3      | You fall into a shaft and drop 3 floors!
  2045 | D:6      | Found a staircase to the Ecumenical Temple.
  2046 | D:6      | 2046 ||| PLANNING TEMPLE
  2046 | D:6      | 2046 ||| READING scroll labelled WIFA AD GETEZ.
  2052 | Temple   | Entered the Ecumenical Temple
  2078 | Temple   | 2078 ||| PLANNING OKAWARU WORSHIP
  2150 | Temple   | Became a worshipper of Warmaster Okawaru
  2151 | Temple   | 2151 ||| PLANNING D:1-11
  2186 | D:6      | Reached skill level 3 in Fighting
  2186 | D:6      | Reached XP level 5. HP: 39/45 MP: 5/5
  2341 | D:5      | Entered Level 5 of the Dungeon
  2370 | D:5      | Noticed an ogre
  2378 | D:5      | Slain by an ogre

Levels and vault maps discovered:
D:1:      dpeg_arrival_solitude, layout_basic
D:2:      minmay_skewed_foursquare, layout_loops_ring, serial_shops, shop,
          minmay_pentomino_v4
D:3:      layout_rooms, jmf_multi_god_temple, nicolae_overflow_two_pavilions,
          serial_curves, eino_curves_04, eino_curves_02, grunt_ministairs_14
D:5:      layout_gridville, nicolae_elyvilon_peaceful_grove, uniq_eustachio
D:6:      layout_rooms, mainiacjoe_overflow_six_doors_small,
          minmay_temple_entry_arrows, st_stairs_7
Temple:   compressed_dpeg_circular_temple

Skill      XL: |  1  2  3  4 |
---------------+-------------+-----
Ranged Weapons | 3 4 5 |  5.9
Fighting       | 2 3 |  3.0
Armour         | 1 |  1.0
Dodging        | |  2.1
Spellcasting   | |  1.0
Hexes          | |  2.0

Action                     |  1- 3 |  4- 6 || total
---------------------------+-------+-------++-------
   Fire: Sling             |   120 |    95 ||   215
    Use: Scroll            |     4 |     3 ||     7
         Potion            |     1 |     1 ||     2
 Armour: Robe              |    11 |       ||    11
         Leather armour    |     7 |     2 ||     9
         Ring mail         |       |     3 ||     3
  Dodge: Dodged            |    31 |    19 ||    50

Table legend:
 A = Non-vault XP
 B = Vault XP
 C = Vault XP percentage of total XP
 D = Non-vault monster count
 E = Vault monster count
 F = Vault count percentage of total count
                 A         B        C        D         E       F
            +---------+---------+-------+---------+---------+-------
      Total |     233 |      79 |  25.3 |      58 |      12 |  17.1
            +---------+---------+-------+---------+---------+-------
        D:1 |      55 |       0 |   0.0 |      28 |       0 |   0.0
        D:2 |      55 |      30 |  35.3 |      20 |       9 |  31.0
        D:3 |       6 |       8 |  57.1 |       3 |       2 |  40.0
        D:5 |      23 |       0 |   0.0 |       2 |       0 |   0.0
        D:6 |      94 |      41 |  30.4 |       5 |       1 |  16.7
            +---------+---------+-------+---------+---------+-------
